PCL
CALGARY COWBOYS @ REDWOOD CITY REDWOODS
05/14/2030
 
TOP OF THE 1ST
Calgary Cowboys batting - Pitching for Redwood City Redwoods : RHP Raúl Vallejo
Pitching: RHP Raúl Vallejo
Batting: RHB César Rodríguez 0-0: Ball
1-0: Ground out 6-3 (Groundball, 6)
Batting: LHB Del Kennedy 0-0: Fly out, F7 (Flyball, 7S)
Batting: SHB Ramiro Medrano 0-0: Ball
1-0: Ball
2-0: Called Strike
2-1: Swinging Strike
2-2: Foul Ball, location: 2F
2-2: Ball
3-2: Base on Balls
Batting: LHB Edgar López 0-0: Ball
1-0: Foul Ball, location: 2F
1-1: Ball
Ramiro Medrano is caught stealing 2nd base
Top of the 1st over - 0 runs, 0 hits, 0 errors, 0 left on base; Calgary 0 - Redwood City 0
BOTTOM OF THE 1ST
Redwood City Redwoods batting - Pitching for Calgary Cowboys : RHP William Bryan
Pitching: RHP William Bryan
Batting: LHB Tim Ramsey 0-0: Ball
1-0: Called Strike
1-1: Ball
2-1: Fly out, F8 (Flyball, 8RM)
Batting: RHB Javier Ortíz 0-0: Called Strike
0-1: Ball
1-1: Swinging Strike
1-2: Ball
2-2: Strikes out swinging
Batting: LHB Bob Campbell 0-0: Called Strike
0-1: Ball
1-1: Foul Ball, location: 2F
1-2: Foul Ball, location: 2F
1-2: Ball
2-2: Foul Ball, location: 2F
2-2: Ball
3-2: Ground out U3 (Groundball, 3)
Bottom of the 1st over - 0 runs, 0 hits, 0 errors, 0 left on base; Calgary 0 - Redwood City 0
TOP OF THE 2ND
Calgary Cowboys batting - Pitching for Redwood City Redwoods : RHP Raúl Vallejo
Batting: LHB Edgar López 0-0: Called Strike
0-1: Swinging Strike
0-2: Foul Ball, location: 2F
0-2: Ball
1-2: Foul Ball, location: 2F
1-2: SINGLE (Line Drive, 8RS)
Batting: LHB Miguel Pérez 0-0: Reached on error, E5 (Groundball, 56S)
Edgar López to second
Batting: RHB Joe Lewis 0-0: Ball
1-0: Foul Ball, location: 2F
1-1: Foul Ball, location: 2F
1-2: Fly out, F4 (Popup, 13)
Batting: LHB Bo Rush 0-0: Called Strike
0-1: Foul Ball, location: 2F
0-2: Ball
1-2: Grounds into double play, 6-4-3 (Groundball, 6)
Top of the 2nd over - 0 runs, 1 hit, 1 error, 1 left on base; Calgary 0 - Redwood City 0
BOTTOM OF THE 2ND
Redwood City Redwoods batting - Pitching for Calgary Cowboys : RHP William Bryan
Batting: RHB Jason Blair 0-0: Foul Ball, location: 2F
0-1: Foul Ball, location: 2F
0-2: SINGLE (Groundball, 34S) (infield hit)
Batting: RHB Luis Ramírez 0-0: SINGLE (Flyball, 89S)
Jason Blair to second
Runner from 2nd tries for 3rd, SAFE, no throw
Batting: LHB Dave Lee 0-0: Ball
1-0: Ball
2-0: SINGLE (Groundball, 34D)
Jason Blair scores
Luis Ramírez to second
Batting: RHB Currito Campos 0-0: Foul Ball, location: 2F
0-1: Grounds into double play, 6-4-3 (Groundball, 6)
Luis Ramírez to third
Batting: RHB José Martínez 0-0: Ball
1-0: Foul Ball, location: 2F
1-1: Foul Ball, location: 2F
1-2: Ground out 4-3 (Groundball, 4)
Bottom of the 2nd over - 1 run, 3 hits, 0 errors, 1 left on base; Calgary 0 - Redwood City 1
TOP OF THE 3RD
Calgary Cowboys batting - Pitching for Redwood City Redwoods : RHP Raúl Vallejo
Batting: LHB Alejandro Rojas 0-0: Ball
1-0: Called Strike
1-1: DOUBLE (Groundball, 5L)
Batting: RHB Jorge Balencia 0-0: Ball
1-0: Foul Ball, location: 2F
1-1: Ball
2-1: Swinging Strike
2-2: Ball
3-2: SINGLE (Flyball, 7S)
Alejandro Rojas to third
Batting: RHB César Rodríguez 0-0: Ball
1-0: Called Strike
1-1: Foul Ball, location: 2F
1-2: Ball
2-2: Foul Ball, location: 2F
2-2: Foul Ball, location: 2F
2-2: Foul Ball, location: 2F
2-2: Foul Ball, location: 2F
2-2: Ball
3-2: Foul Ball, location: 2F
3-2: Base on Balls
Jorge Balencia to second
Batting: LHB Del Kennedy 0-0: Foul Ball, location: 2F
0-1: Ball
1-1: Called Strike
1-2: Fielders Choice at 2nd, 3-6 (Groundball, 3)
Alejandro Rojas scores
Jorge Balencia to third
Batting: SHB Ramiro Medrano 0-0: Ball
1-0: Fly out, F8 (Flyball, 8LD)
Runner from 3rd tags up, SCORES, throw made
Batting: LHB Edgar López 0-0: Ball
1-0: Called Strike
1-1: Fly out, F6 (Popup, 6M)
Top of the 3rd over - 2 runs, 2 hits, 0 errors, 1 left on base; Calgary 2 - Redwood City 1
BOTTOM OF THE 3RD
Redwood City Redwoods batting - Pitching for Calgary Cowboys : RHP William Bryan
Batting: RHB Ben Byrd 0-0: Called Strike
0-1: DOUBLE (Flyball, 78D)
Batting: LHB Tim Ramsey 0-0: Ball
1-0: SINGLE (Groundball, 4D)
Ben Byrd to third
Batting: RHB Javier Ortíz 0-0: Ball
1-0: Foul Ball, location: 2F
1-1: Ball
2-1: DOUBLE (Line Drive, 9LM)
Ben Byrd scores
Tim Ramsey to third
Batting: LHB Bob Campbell 0-0: Ball
1-0: Ball
2-0: Foul Ball, location: 2F
2-1: Ball
3-1: Base on Balls
Batting: RHB Jason Blair 0-0: Called Strike
0-1: Ball
1-1: SINGLE (Groundball, 4MS) (infield hit)
Tim Ramsey scores
Javier Ortíz to third
Bob Campbell to second
Batting: RHB Luis Ramírez 0-0: Foul Ball, location: 2F
0-1: Swinging Strike
0-2: Strikes out swinging
Batting: LHB Dave Lee 0-0: Called Strike
0-1: Foul Ball, location: 2F
0-2: Ball
1-2: Foul Ball, location: 2F
1-2: Ball
2-2: Foul Ball, location: 2F
2-2: Strikes out swinging
Batting: RHB Currito Campos 0-0: Called Strike
0-1: Ball
1-1: Ball
2-1: Ball
3-1: Foul Ball, location: 2F
3-2: Base on Balls
Javier Ortíz scores
Bob Campbell to third
Jason Blair to second
Batting: RHB José Martínez 0-0: Called Strike
0-1: Foul Ball, location: 2F
0-2: Ball
1-2: Foul Ball, location: 2F
1-2: Ball
Passed Ball!
Bob Campbell scores
Jason Blair to third
Currito Campos to second
2-2: Ball
3-2: Strikes out swinging
Bottom of the 3rd over - 4 runs, 4 hits, 0 errors, 2 left on base; Calgary 2 - Redwood City 5
TOP OF THE 4TH
Calgary Cowboys batting - Pitching for Redwood City Redwoods : RHP Raúl Vallejo
Batting: LHB Miguel Pérez 0-0: Ball
1-0: Foul Ball, location: 2F
1-1: Foul Ball, location: 2F
1-2: Strikes out swinging
Batting: RHB Joe Lewis 0-0: Ball
1-0: Ball
2-0: Ball
3-0: Base on Balls
Batting: LHB Bo Rush 0-0: Ball
1-0: Ball
2-0: Called Strike
2-1: Foul Ball, location: 2F
2-2: Ball
3-2: SINGLE (Groundball, 4MD)
Joe Lewis to second
Batting: LHB Alejandro Rojas 0-0: Fielders Choice at 2nd, 6-4 (Groundball, 6)
Joe Lewis to third
Batting: RHB Jorge Balencia 0-0: Called Strike
0-1: Ball
Alejandro Rojas is caught stealing 2nd base
Top of the 4th over - 0 runs, 1 hit, 0 errors, 1 left on base; Calgary 2 - Redwood City 5
BOTTOM OF THE 4TH
Redwood City Redwoods batting - Pitching for Calgary Cowboys : RHP William Bryan
Batting: RHB Ben Byrd 0-0: Swinging Strike
0-1: Ball
1-1: Ball
2-1: Foul Ball, location: 2F
2-2: Ball
3-2: Foul Ball, location: 2F
3-2: Base on Balls
Batting: LHB Tim Ramsey 0-0: Ball
1-0: Fly out, F9 (Flyball, 9S)
Batting: RHB Javier Ortíz 0-0: Swinging Strike
0-1: Ball
Ben Byrd is caught stealing 2nd base
1-1: Swinging Strike
1-2: Foul Ball, location: 2F
1-2: Ball
2-2: SINGLE (Line Drive, 78S)
Batting: LHB Bob Campbell 0-0: Called Strike
0-1: Ball
1-1: Swinging Strike
1-2: Ball
2-2: Foul Ball, location: 2F
2-2: Strikes out looking
Bottom of the 4th over - 0 runs, 1 hit, 0 errors, 1 left on base; Calgary 2 - Redwood City 5
TOP OF THE 5TH
Calgary Cowboys batting - Pitching for Redwood City Redwoods : RHP Raúl Vallejo
Batting: RHB Jorge Balencia 0-0: Foul Ball, location: 2F
0-1: Ball
1-1: Fly out, F6 (Line Drive, 6M)
Batting: RHB César Rodríguez 0-0: Called Strike
0-1: Ball
1-1: Foul Ball, location: 2F
1-2: Strikes out swinging
Batting: LHB Del Kennedy 0-0: Ball
1-0: Ball
2-0: Ball
3-0: Called Strike
3-1: Base on Balls
Batting: SHB Ramiro Medrano 0-0: Ball
1-0: Ball
2-0: Foul Ball, location: 2F
2-1: Foul Ball, location: 2F
2-2: Ball
3-2: Base on Balls
Del Kennedy to second
Batting: LHB Edgar López 0-0: Ground out 4-3 (Groundball, 4)
Top of the 5th over - 0 runs, 0 hits, 0 errors, 2 left on base; Calgary 2 - Redwood City 5
BOTTOM OF THE 5TH
Redwood City Redwoods batting - Pitching for Calgary Cowboys : RHP William Bryan
Batting: RHB Jason Blair 0-0: Called Strike
0-1: Foul Ball, location: 2F
0-2: Foul Ball, location: 2F
0-2: Foul Ball, location: 2F
0-2: Hit by Pitch
Batting: RHB Luis Ramírez 0-0: Called Strike
0-1: Called Strike
0-2: Ball
1-2: Ball
2-2: Foul Ball, location: 2F
2-2: Ball
3-2: Strikes out looking
Jason Blair steals 2nd base
Batter strikes out.
Batting: LHB Dave Lee 0-0: Foul Ball, location: 2F
0-1: Foul Ball, location: 2F
0-2: Fly out, F8 (Flyball, 8RM)
Batting: RHB Currito Campos 0-0: Foul Ball, location: 2F
0-1: Ball
1-1: Swinging Strike
1-2: Foul Ball, location: 2F
1-2: Foul Ball, location: 2F
1-2: Ball
2-2: Fly out, F6 (Line Drive, 6)
Bottom of the 5th over - 0 runs, 0 hits, 0 errors, 1 left on base; Calgary 2 - Redwood City 5
TOP OF THE 6TH
Calgary Cowboys batting - Pitching for Redwood City Redwoods : RHP Raúl Vallejo
Batting: LHB Miguel Pérez 0-0: Ball
1-0: Ground out 6-3 (Groundball, 6)
Batting: RHB Joe Lewis 0-0: Foul Ball, location: 2F
0-1: Swinging Strike
0-2: Ball
1-2: Ball
2-2: Ball
3-2: Base on Balls
Batting: LHB Bo Rush 0-0: Ball
1-0: Ball
2-0: Foul Ball, location: 2F
2-1: Grounds into double play, 5-4-3 (Groundball, 56)
Top of the 6th over - 0 runs, 0 hits, 0 errors, 0 left on base; Calgary 2 - Redwood City 5
BOTTOM OF THE 6TH
Redwood City Redwoods batting - Pitching for Calgary Cowboys : RHP William Bryan
Pitching: RHP José Ramos
Batting: RHB José Martínez 0-0: Ball
1-0: Ball
2-0: Foul Ball, location: 2F
2-1: Called Strike
2-2: Strikes out looking
Batting: RHB Ben Byrd 0-0: Ball
1-0: Ball
2-0: Called Strike
2-1: Foul Ball, location: 2F
2-2: Foul Ball, location: 2F
2-2: Strikes out swinging
Batting: LHB Tim Ramsey 0-0: Called Strike
0-1: Ball
1-1: Called Strike
1-2: Ball
2-2: Fly out, F8 (Flyball, 8RD)
Bottom of the 6th over - 0 runs, 0 hits, 0 errors, 0 left on base; Calgary 2 - Redwood City 5
TOP OF THE 7TH
Calgary Cowboys batting - Pitching for Redwood City Redwoods : RHP Raúl Vallejo
Pitching: RHP Daniel Betteridge
Batting: LHB Alejandro Rojas 0-0: SINGLE (Flyball, 89S)
Batting: RHB Jorge Balencia 0-0: Ball
Alejandro Rojas steals 2nd base
1-0: Ball
2-0: Ground out 3-1 (Groundball, 34)
Alejandro Rojas to third
Batting: RHB César Rodríguez 0-0: Ground out 5-3 (Groundball, 56)
Alejandro Rojas scores
Batting: LHB Del Kennedy 0-0: Called Strike
0-1: Foul Ball, location: 2F
0-2: Ball
1-2: SINGLE (Groundball, 4D)
Batting: SHB Ramiro Medrano 0-0: Ball
1-0: Foul Ball, location: 2F
1-1: Called Strike
1-2: Ball
2-2: Ground out U3 (Groundball, 3L)
Top of the 7th over - 1 run, 2 hits, 0 errors, 1 left on base; Calgary 3 - Redwood City 5
BOTTOM OF THE 7TH
Redwood City Redwoods batting - Pitching for Calgary Cowboys : RHP José Ramos
Batting: RHB Javier Ortíz 0-0: Ball
1-0: Ball
2-0: Reaches on Catchers interference
Batting: LHB Bob Campbell 0-0: Fielders Choice at 2nd, 6-4 (Groundball, 6)
Batting: RHB Jason Blair 0-0: Ball
1-0: Ball
2-0: DOUBLE (Line Drive, 9LM)
Bob Campbell to third
Runner from 3rd tries for Home, SAFE, no throw
Batting: RHB Luis Ramírez 0-0: Ball
Jason Blair steals 3rd base
1-0: Called Strike
1-1: Fly out, F8 (Flyball, 8LD)
Runner from 3rd tags up, OUT at HOME
Bottom of the 7th over - 1 run, 1 hit, 1 error, 0 left on base; Calgary 3 - Redwood City 6
TOP OF THE 8TH
Calgary Cowboys batting - Pitching for Redwood City Redwoods : RHP Daniel Betteridge
Batting: LHB Edgar López 0-0: Ball
1-0: Ball
2-0: Ball
3-0: Base on Balls
Batting: LHB Miguel Pérez 0-0: Called Strike
0-1: Foul Ball, location: 2F
0-2: Ball
1-2: Ground out 6-3 (Groundball, 6S)
Edgar López to second
Batting: RHB Joe Lewis 0-0: Ball
1-0: Ball
2-0: Ball
3-0: Called Strike
3-1: Called Strike
3-2: 2-RUN HOME RUN (Flyball, 7LD), Distance : 333 ft
Pitching: RHP Ronnie Jefferson
Batting: LHB Bo Rush 0-0: Ball
1-0: Foul Ball, location: 2F
1-1: Called Strike
1-2: SINGLE (Groundball, 4MD)
Batting: LHB Alejandro Rojas 0-0: Called Strike
0-1: Ball
1-1: Ball
2-1: Ball
3-1: Base on Balls
Bo Rush to second
Pinch Runner at 2nd Andrew Veeck:
Batting: RHB Jorge Balencia 0-0: Ball
1-0: Ball
2-0: Ball
3-0: Called Strike
3-1: Fly out, F7 (Flyball, 7LM)
Batting: RHB César Rodríguez 0-0: Foul Ball, location: 2F
0-1: Ground out 5-3 (Groundball, 5S)
Top of the 8th over - 2 runs, 2 hits, 0 errors, 2 left on base; Calgary 5 - Redwood City 6
BOTTOM OF THE 8TH
Redwood City Redwoods batting - Pitching for Calgary Cowboys : RHP José Ramos
Now at 1B: Andrew Veeck
Batting: LHB Dave Lee 0-0: Ground out 6-3 (Groundball, 6)
Batting: RHB Currito Campos 0-0: Ground out 4-3 (Groundball, 4)
Batting: RHB José Martínez 0-0: Ball
1-0: Ball
2-0: Foul Ball, location: 2F
2-1: Called Strike
2-2: Ball
3-2: Foul Ball, location: 2F
3-2: Strikes out swinging
Bottom of the 8th over - 0 runs, 0 hits, 0 errors, 0 left on base; Calgary 5 - Redwood City 6
TOP OF THE 9TH
Calgary Cowboys batting - Pitching for Redwood City Redwoods : RHP Ronnie Jefferson
Pitching: RHP Juan Sánchez
Now at SS: David Strickland
Batting: LHB Del Kennedy 0-0: Called Strike
0-1: Ball
1-1: Ball
2-1: Foul Ball, location: 2F
2-2: Ball
3-2: Strikes out swinging
Batting: SHB Ramiro Medrano 0-0: Ball
1-0: Called Strike
1-1: Fly out, F4 (Popup, 13S)
Batting: LHB Edgar López 0-0: Foul Ball, location: 2F
0-1: SINGLE (Groundball, 4D)
Pinch Runner at 1st Johnny Hawson:
Batting: LHB Miguel Pérez 0-0: Foul Ball, location: 2F
0-1: Ball
1-1: Called Strike
1-2: Foul Ball, location: 2F
1-2: Foul Ball, location: 2F
1-2: Ball
2-2: Strikes out swinging
Top of the 9th over - 0 runs, 1 hit, 0 errors, 1 left on base; Calgary 5 - Redwood City 6
Saturday, April 7th, 2018 - OOTP Baseball 18.8 Build 76